 Dungeon Crawl Stone Soup version 0.30-a0-920-g7493c07aab (webtiles) character file.

Game seed: 807850529366980674

23 Darkkill the Shooter (level 2, -13/25 HPs)
             Began as a Minotaur Hunter on Mar 21, 2023.
             Mangled by Terence
             ... wielding a +2 hand axe of electrocution
              (15 damage)
             ... on level 2 of the Dungeon.
             The game lasted 00:02:14 (822 turns).

Darkkill the Shooter (Minotaur Hunter)               Turns: 822, Time: 00:02:14

Health: -13/25     AC:  4    Str: 15    XL:     2   Next: 75%
Magic:  1/1        EV: 12    Int:  6    God:
Gold:   60         SH:  0    Dex: 13    Spells: 1/1 levels left

rFire   . . .      SeeInvis .    a - +0 shortbow
rCold   . . .      Faith    .    (shield currently unavailable)
rNeg    . . .      Spirit   .    c - +1 leather armour
rPois   .          Reflect  .    (helmet restricted)
rElec   .          Rampage  .    (no cloak)
rCorr   .                        (no gloves)
Will    .....                    (no boots)
Stlth   +                        (no amulet)
HPRegen 0.24/turn                (no ring)
MPRegen 0.07/turn                (no ring)

@: no status effects
A: horns 2, retaliatory headbutt
a: no special abilities


You were on level 2 of the Dungeon.
You visited 1 branch of the dungeon, and saw 2 of its levels.

You collected 60 gold pieces.

Inventory:

Hand Weapons
 a - a +0 shortbow (weapon)
Missiles
 g - 2 poisoned darts
Armour
 c - a +1 leather armour (worn)
Scrolls
 b - 2 scrolls of immolation
 d - 3 scrolls of identify {@r1}
 i - a scroll of fear
Potions
 j - a potion of invisibility {unknown}
 m - a potion of curing {@q1}


   Skills:
 + Level 2.9 Fighting
 + Level 4.6 Ranged Weapons
 + Level 2.6 Dodging
 + Level 1.3 Stealth


You had one spell level left.
You didn't know any spells.
Your spell library was empty.

Dungeon Overview and Level Annotations

Branches:
Dungeon (2/15)

Altars:

Annotations:
D:2 Terence


Innate Abilities, Weirdness & Mutations

You have a pair of horns on your head.
You reflexively headbutt those who attack you in melee.


Message History

Your butterfly is engulfed in poison gas.
Your butterfly is poisoned.
You kill your butterfly!
Your butterfly disappears in a burst of colours!
Your butterfly is engulfed in poison gas.
Your butterfly is poisoned.
You kill your butterfly!
Your butterfly disappears in a burst of colours!
Your butterfly is engulfed in poison gas.
Your butterfly is poisoned.
You kill your butterfly!
Your butterfly disappears in a burst of colours!
Your butterfly is poisoned.
Your butterfly is engulfed in poison gas.
Your butterfly is poisoned.
You kill your butterfly!
Your butterfly disappears in a burst of colours!
Your butterfly is engulfed in poison gas.
Your butterfly is poisoned.
You kill your butterfly!
Your butterfly disappears in a burst of colours!
You swap places.
Your surroundings suddenly seem different.
You see here a +0 robe.
There is a stone staircase leading down here.
Partly explored, can't reach some places.
Unknown command.
You climb downwards.
There is a stone staircase leading up here.
An endoplasm is nearby!
You shoot an arrow. The arrow hits the endoplasm.
You kill the endoplasm!
No target in view!
A rat comes into view.
You shoot an arrow. The arrow hits the rat.
The rat is severely wounded.
A hobgoblin comes into view.
There are monsters nearby!
You shoot an arrow. The arrow hits the hobgoblin.
The hobgoblin is heavily wounded.
There are monsters nearby!
There are monsters nearby!
You shoot an arrow. The arrow hits the hobgoblin.
The hobgoblin is severely wounded.
The hobgoblin barely misses you.
You shoot an arrow. The arrow barely misses the hobgoblin.
The arrow hits the rat.
You kill the rat!
The hobgoblin hits you.
A hobgoblin is nearby!
You shoot an arrow. The arrow hits the hobgoblin.
You kill the hobgoblin!
No target in view!
HP restored.
You see here a +4 short sword.
d - a scroll of identify {@r1} No target in view!
No target in view!
A goblin comes into view. It is wielding a +0 club.
The goblin moves out of view.
d - 2 scrolls of identify {@r1} (gained 1)
A goblin is nearby!
You shoot an arrow. The arrow hits the goblin.
You kill the goblin!
A giant cockroach comes into view.
You shoot an arrow.
The arrow hits the giant cockroach but does no damage.
You shoot an arrow.
The arrow barely misses the giant cockroach.
A giant cockroach is nearby!
You shoot an arrow. The arrow hits the giant cockroach!
You kill the giant cockroach!
Found a ring mail.
An endoplasm comes into view.
The endoplasm quivers.
You shoot an arrow. The arrow hits the endoplasm.
The endoplasm is moderately wounded.
An endoplasm is nearby!
You shoot an arrow. The arrow hits the endoplasm!
You kill the endoplasm!
d - 3 scrolls of identify {@r1} (gained 1) Terence the Incautious comes into view.
He is wielding a +2 hand axe of electrocution and wearing a +3 ring mail of cold resistance.
You shoot an arrow. The arrow hits Terence.
Terence is moderately wounded.
Unknown command.
You shoot an arrow. The arrow barely misses Terence.
You shoot an arrow. The arrow closely misses Terence.
You shoot an arrow.
The arrow hits Terence but does no damage.
Terence is moderately wounded.
You shoot an arrow. The arrow barely misses Terence.
You shoot an arrow. The arrow barely misses Terence.
Terence hits you with a +2 hand axe of electrocution.
You are electrocuted!
Ouch! That really hurt!
Terence hits you with a +2 hand axe of electrocution.
* * * LOW HITPOINT WARNING * * *
You are electrocuted!
Ouch! That really hurt!
You die...

..# .. #.. .. ..... ..
#.. .. ...#.###.
##.##... .#.......
...#. .# .....?... ....
.. #......# #. ...##.#
#......# #..
...#..#####....@(# ...
...#.##.........@####.#
........#..##.#.......#
...##.###.##..........#
...##.##..............#
.)#...................#
.##..............####.#
###............#..# .#
#............##.# #
#...###.###### .#


You could see Terence.

Vanquished Creatures
  A dart slug (D:1)
  4 endoplasms
  A giant cockroach (D:2)
  3 goblins
  2 hobgoblins
  A quokka (D:1)
  3 ball pythons (D:1)
  2 frilled lizards (D:1)
  A kobold (D:1)
  A rat (D:2)
19 creatures vanquished.

Notes
Turn   | Place    | Note
-------+----------+-------------------------------------------
     0 | D:1      | Darkkill the Minotaur Hunter began the quest for the Orb.
     0 | D:1      | Reached XP level 1. HP: 18/18 MP: 0/0
   135 | D:1      | Reached skill level 1 in Stealth
   253 | D:1      | Reached XP level 2. HP: 25/25 MP: 1/1
   816 | D:2      | Noticed Terence
   822 | D:2      | HP: 2/25 [Terence/+2 hand axe of electrocution (6)]
   822 | D:2      | Mangled by Terence

Illustrated notes

Levels and vault maps discovered:
D:1:      eino_arrival_cavern_b, layout_loops_ring, minivault_26
D:2:      layout_rooms, serial_bayou_pond_e, uniq_sigmund, uniq_terence

Skill      XL: |  1 |
---------------+----+-----
Stealth        | 1 |  1.3
Fighting       | |  2.9
Ranged Weapons | |  4.6
Dodging        | |  2.6

Action                     || total
---------------------------++-------
   Fire: Shortbow          ||    43
    Use: Scroll            ||     7
  Dodge: Dodged            ||     2

Table legend: (Time is in decaauts)
 A = Elapsed time spent in this place.
 B = Non-inter-level travel time spent in this place.
 C = Inter-level travel time spent in this place.
 D = Time resting spent in this place.
 E = Time spent auto-exploring this place.
 F = Levels seen in this place.
 G = Mean time per level.
                   A        B        C        D        E       F      G
               +--------+--------+--------+--------+--------+-----+--------+
         Total |    836 |    779 |     57 |      0 |    666 |   2 |  418.0 |
       Dungeon |    836 |    779 |     57 |      0 |    666 |   2 |  418.0 |
               +--------+--------+--------+--------+--------+-----+--------+

Top non-repeatable levels by time:
     D:1: 749 daAuts
     D:2: 86 daAuts

Table legend:
 A = Kills in this place as a percentage of kills in the entire game.
 B = Kills by you in this place as a percentage of kills by you in the entire game.
 C = Kills by friends in this place as a percentage of kills by friends in the entire game.
 D = Other kills in this place as a percentage of other kills in the entire game.
 E = Experience gained in this place as a percentage of experience gained in the entire game.
 F = Experience gained in this place divided by the number of levels of this place that you have seen.
                   A       B       C       D       E      F
               +-------+-------+-------+-------+-------+----------------------
         Total | 100.0 | 100.0 |   N/A |   N/A | 100.0 |  17.0
       Dungeon | 100.0 | 100.0 |   N/A |   N/A | 100.0 |  17.0
               +-------+-------+-------+-------+-------+----------------------
